 Dungeon Sprint DCSS version 0.23-a0-183-gf37f6fb (webtiles) character file.

109 digijack the Charmwright (level 4, -2/39 HPs)
             Began as a Gnoll Skald on Sept 23, 2018.
             Slain by Sigmund
             ... wielding a +0 scythe
              (4 damage)
             ... in the Dungeon (Sprint I: "Red Sonja").
             The game lasted 00:02:12 (223 turns).

digijack the Charmwright (Gnoll Skald)               Turns: 223, Time: 00:02:13

Health: -2/39      AC:  3    Str: 14    XL:     4   Next: 89%
Magic:  8/11       EV: 14    Int: 16    God:
Gold:   54         SH:  0    Dex: 14    Spells: 5/14 levels left

rFire    . . .     SeeInvis .   a - +0 mace
rCold    . . .     Gourm    .   (no shield)
rNeg     . . .     Faith    .   b - +0 leather armour
rPois    .         Spirit   .   (no helmet)
rElec    .         Reflect  .   (no cloak)
rCorr    .         Harm     .   (no gloves)
MR       .....     NoTele   +   (no boots)
Stlth    ++........             (no amulet)
HPRegen  0.13/turn              (no ring)
MPRegen  0.12/turn              (no ring)

@: no status effects
A: distributed training, fangs 1, strong nose
a: no special abilities


You were in the Dungeon.
You were not hungry.

You visited 1 branch You collected 54 gold pieces.

Inventory:

Hand Weapons
 a - a +0 mace (weapon)
Armour
 b - a +0 leather armour (worn)
Scrolls
 j - a scroll of blinking
Potions
 e - a potion of curing
 f - a potion of heal wounds
 g - a potion of haste
 h - 2 potions of magic
 i - a potion of berserk rage
Comestibles
 c - 9 chunks of flesh
 d - a ration


   Skills:
 + Level 5.5 Fighting
 + Level 3.0 Short Blades
 + Level 3.0 Long Blades
 + Level 3.0 Axes
 + Level 5.5 Maces & Flails
 + Level 3.0 Polearms
 + Level 3.0 Staves
 + Level 3.0 Slings
 + Level 3.0 Bows
 + Level 3.0 Crossbows
 + Level 3.0 Throwing
 + Level 4.0 Armour
 + Level 5.5 Dodging
 + Level 3.0 Stealth
 + Level 3.0 Shields
 + Level 3.0 Unarmed Combat
 + Level 5.8 Spellcasting
 + Level 2.4 Conjurations
 + Level 2.4 Hexes
 + Level 6.0 Charms
 + Level 2.4 Summonings
 + Level 2.4 Necromancy
 + Level 2.4 Translocations
 + Level 2.4 Transmutations
 + Level 2.4 Fire Magic
 + Level 2.4 Ice Magic
 + Level 2.4 Air Magic
 + Level 2.4 Earth Magic
 + Level 2.4 Poison Magic
 + Level 3.2 Invocations
 + Level 3.0 Evocations


You had 5 spell levels left.
You knew the following spells:

 Your Spells              Type           Power        Failure   Level  Hunger
a - Infusion              Chrm           ###.         1%          1    None
b - Shroud of Golubria    Chrm/Tloc      ###.......   4%          2    #......
c - Spectral Weapon       Hex/Chrm       ###.....     9%          3    ##.....
d - Regeneration          Chrm/Necr      ###.......   9%          3    ##.....

Your spell library contained the following spells:

 Spells                   Type           Power        Failure   Level  Hunger
 Song of Slaying          Chrm           ###.....     2%          2    #......


Dungeon Overview and Level Annotations

Branches:
Dungeon (1/1)

Altars:

Annotations:
D Sigmund


Innate Abilities, Weirdness & Mutations

Your experience applies equally to all skills.
You have very sharp teeth.
Your uncanny sense of smell can sniff out nearby items.


Message History

A magic dart appears from out of thin air!
The magic dart hits you!
You thump something! Your bite misses something.
Something hits you but does no damage.
You closely miss something. Your bite misses something. Something hits you!
Your shroud falls apart!
You miss something. You closely miss something. Something hits you!
You closely miss something. Something hits you!
* * * LOW HITPOINT WARNING * * *
You hit something but do no damage. You bite something.
You barely miss something. Something barely misses you.
You hit something.
Your spectral weapon fades away.
Something hits you but does no damage.
You miss something. Something hits you.
* * * LOW HITPOINT WARNING * * *
You closely miss something. You completely miss something.
Your bite misses something. Something hits you.
You die...

#############
#<.#..'..#@{+∆∆
#..[..#.)'..#∆∆
#..#####'####
#..# #..#∆∆∆ ∆
#..# ####∆∆ ∆
#..# #⌠⌠# ####
∆∆ ∆ ∆


There were no monsters in sight!

Vanquished Creatures
  An ogre (D)
  Ijyb (D)
2 creatures vanquished.

Notes
Turn   | Place    | Note
-------+----------+-------------------------------------------
     0 | D        | digijack the Gnoll Skald began the quest for the Orb.
     0 | D        | Reached XP level 1. HP: 20/20 MP: 6/6
     1 | D        | Noticed Ijyb
    12 | D        | Killed Ijyb
    12 | D        | Reached skill level 1 in Short Blades
    12 | D        | Reached skill level 1 in Long Blades
    12 | D        | Reached skill level 1 in Axes
    12 | D        | Reached skill level 1 in Polearms
    12 | D        | Reached skill level 1 in Staves
    12 | D        | Reached skill level 1 in Slings
    12 | D        | Reached skill level 1 in Bows
    12 | D        | Reached skill level 1 in Crossbows
    12 | D        | Reached skill level 1 in Throwing
    12 | D        | Reached skill level 1 in Stealth
    12 | D        | Reached skill level 1 in Shields
    12 | D        | Reached skill level 1 in Unarmed Combat
    12 | D        | Reached skill level 5 in Spellcasting
    12 | D        | Reached skill level 1 in Conjurations
    12 | D        | Reached skill level 1 in Hexes
    12 | D        | Reached skill level 1 in Summonings
    12 | D        | Reached skill level 1 in Necromancy
    12 | D        | Reached skill level 1 in Translocations
    12 | D        | Reached skill level 1 in Transmutations
    12 | D        | Reached skill level 1 in Fire Magic
    12 | D        | Reached skill level 1 in Ice Magic
    12 | D        | Reached skill level 1 in Air Magic
    12 | D        | Reached skill level 1 in Earth Magic
    12 | D        | Reached skill level 1 in Poison Magic
    12 | D        | Reached skill level 1 in Invocations
    12 | D        | Reached skill level 1 in Evocations
    12 | D        | Reached XP level 2. HP: 21/26 MP: 2/8
    12 | D        | Reached XP level 3. HP: 26/32 MP: 2/9
    77 | D        | Noticed an ogre
    83 | D        | Learned a level 2 spell: Shroud of Golubria
    87 | D        | Learned a level 3 spell: Spectral Weapon
    91 | D        | Learned a level 3 spell: Regeneration
    98 | D        | Killed an ogre
    98 | D        | Reached skill level 5 in Fighting
    98 | D        | Reached skill level 5 in Maces & Flails
    98 | D        | Reached skill level 5 in Dodging
    98 | D        | Reached skill level 6 in Charms
    98 | D        | Reached XP level 4. HP: 25/39 MP: 4/11
   208 | D        | Noticed Sigmund
   223 | D        | Slain by Sigmund

Vault maps used:
D:        dungeon_sprint_1

Skill      XL: |  1  2  3 |
---------------+----------+-----
Short Blades   | 1 3 |  3.0
Long Blades    | 1 3 |  3.0
Axes           | 1 3 |  3.0
Polearms       | 1 3 |  3.0
Staves         | 1 3 |  3.0
Slings         | 1 3 |  3.0
Bows           | 1 3 |  3.0
Crossbows      | 1 3 |  3.0
Throwing       | 1 3 |  3.0
Armour         | 3 4 |  4.0
Stealth        | 1 3 |  3.0
Shields        | 1 3 |  3.0
Unarmed Combat | 1 3 |  3.0
Spellcasting   | 5 |  5.8
Conjurations   | 1 2 |  2.4
Hexes          | 1 2 |  2.4
Summonings     | 1 2 |  2.4
Necromancy     | 1 2 |  2.4
Translocations | 1 2 |  2.4
Transmutations | 1 2 |  2.4
Fire Magic     | 1 2 |  2.4
Ice Magic      | 1 2 |  2.4
Air Magic      | 1 2 |  2.4
Earth Magic    | 1 2 |  2.4
Poison Magic   | 1 2 |  2.4
Invocations    | 1 3 |  3.2
Evocations     | 1 3 |  3.0
Fighting       | 5 |  5.5
Maces & Flails | 5 |  5.5
Dodging        | 5 |  5.5
Charms         | 6 |  6.0

Action                   |  1- 3 |  4- 6 || total
-------------------------+-------+-------++-------
Melee: Mace              |    13 |    13 ||    26
       Bite              |       |     2 ||     2
 Cast: Infusion          |     1 |       ||     1
       Shroud of Golubri |     1 |     1 ||     2
       Spectral Weapon   |     1 |     1 ||     2
 Stab: Sleeping          |     1 |       ||     1
Armor: Leather armour    |     3 |     1 ||     4
Dodge: Dodged            |     6 |     1 ||     7

Table legend:
 A = Non-vault XP
 B = Vault XP
 C = Vault XP percentage of total XP
 D = Non-vault monster count
 E = Vault monster count
 F = Vault count percentage of total count
                 A         B        C        D         E       F
            +---------+---------+-------+---------+---------+-------
      Total |       0 |     156 | 100.0 |       0 |       2 | 100.0
            +---------+---------+-------+---------+---------+-------
          D |       0 |     156 | 100.0 |       0 |       2 | 100.0
            +---------+---------+-------+---------+---------+-------
